 Dungeon Crawl Stone Soup version 0.18.1-48-g4cf74bf (webtiles) character file.

118 dvd the Grave Robber (level 4, -5/30 HPs)
             Began as a Demonspawn Necromancer on Aug 11, 2016.
             Slain by Trysia's ghost (15 damage)
             ... on level 3 of the Dungeon.
             The game lasted 00:08:27 (3001 turns).

dvd the Grave Robber (Demonspawn Necromancer)       Turns: 3001, Time: 00:08:27

Health: -5/30      AC:  4    Str:  8    XL:     4   Next: 72%
Magic:  8/8        EV:  7    Int: 18    God:
Gold:   81         SH:  0    Dex: 13    Spells: 3 memorised, 1 level left

rFire  . . .     SeeInvis .     n - -1 falchion (curse)
rCold  . . .     Gourm    .     a - +1 robe
rNeg   . . .     Faith    .     (no shield)
rPois  .         Spirit   .     (no helmet)
rElec  .         Dismiss  .     (no cloak)
rCorr  .         Reflect  .     (no gloves)
SustAt .         Harm     .     (no boots)
MR     .....                    (no amulet)
Stlth  ++++......               (no ring)
                                (no ring)

@: not resistant to hostile enchantments, stealthy
A: rugged brown scales 1, nightstalker 2
a: no special abilities


You were on level 3 of the Dungeon.
You were near starving.

You visited 1 branch of the dungeon, and saw 3 of its levels.

You collected 81 gold pieces.

Inventory:

Hand Weapons
 e - a +0 dagger of venom
 h - a +0 dagger
 l - a +0 mace
 n - a cursed -1 falchion (weapon)
 o - a -1 mace
Armour
 a - a +1 robe (worn)
 f - a cursed +0 chain mail
Jewellery
 k - an uncursed ring of stealth {unknown}
Scrolls
 g - 2 scrolls of blinking
 r - a scroll of noise {unknown}
 t - 2 scrolls of identify
Potions
 d - 2 potions of agility
 i - a potion of might {unknown}
 j - a potion of resistance {unknown}
 m - 2 potions of haste {unknown}
 q - a potion of mutation {unknown}
 s - a potion of heal wounds
Books
 b - a book of Necromancy

   Spells                             Type                      Level
   a - Pain                           Necromancy                   1
   b - Animate Skeleton               Necromancy                   1
   c - Vampiric Draining              Necromancy                   3
   d - Regeneration                   Charms/Necromancy            3
   e - Animate Dead                   Necromancy                   4
   f - Control Undead                 Necromancy                   4
Comestibles
 c - 4 bread rations
 p - 7 fruits


   Skills:
 + Level 2.1 Dodging
 + Level 2.2 Stealth
 + Level 3.2 Spellcasting
 + Level 5.5 Necromancy


You had one spell level left.
You knew the following spells:

 Your Spells              Type           Power        Failure   Level  Hunger
a - Pain                  Necr           ###.         1%          1    None
b - Vampiric Draining     Necr           ###.......   6%          3    ###....
c - Animate Dead          Necr           N/A          21%         4    ####...


Dungeon Overview and Level Annotations

Branches:
Dungeon (3/15)

Altars:
Gozag
The Shining One

Annotations:
D:3 Trysia's ghost, amateur MiBe


Innate Abilities, Weirdness & Mutations

You are partially covered in rugged brown scales (AC +1, +3% HP).
You are significantly more attuned to the shadows.


Message History

Aim: a goblin, wielding a dagger (severely wounded, chance to defeat MR: 95%)
The goblin convulses in agony!
You miss the goblin.
The goblin is almost dead.
The goblin hits you with a dagger.
You hit the goblin.
You kill the goblin!
You closely miss Trysia's ghost. Trysia's ghost hits you! x2
* * * LOW HITPOINT WARNING * * *
Press: ? - help, v - describe, . - travel
Here: Trysia's ghost The floor.
Trysia's ghost laughs crazily.
There is a stone staircase leading down here.
You are near starving!
Found a puce potion.
There is a stone staircase leading up here.
Trysia's ghost hits you!
Ouch! That really hurt!
You die...

#.# #.##.#### #.#
#.##.# .#.###)##
#.##.# [..W....#
#.##.# ...###..#
#.##.## # .. #..#
#.#...##
#!#..########..###.##
#....W........## ##.#
#.#.@########.# #..
#...........## ##.#
#.##########.###.##
#. ####...## ..
.......## ##.
########


You could see Trysia's ghost.

Vanquished Creatures
  Ijyb (D:2)
  Terence (D:2)
  An adder (D:2)
  An ooze (D:1)
  3 worms
  A dart slug (D:2)
  6 goblins
  6 hobgoblins
  5 jackals (D:2)
  A quokka (D:2)
  2 ball pythons
  6 bats
  A giant newt (D:1)
  2 kobolds (D:2)
  5 rats
42 creatures vanquished.

Vanquished Creatures (collateral kills)
  A worm (D:2)
1 creature vanquished.

Grand Total: 43 creatures vanquished

Notes
Turn   | Place    | Note
--------------------------------------------------------------
     0 | D:1      | dvd the Demonspawn Necromancer began the quest for the Orb.
     0 | D:1      | Reached XP level 1. HP: 13/13 MP: 3/3
   400 | D:1      | Gained mutation: You are slightly more attuned to the shadows. [demonic ancestry]
   400 | D:1      | Reached XP level 2. HP: 16/19 MP: 0/5
   546 | D:1      | Reached skill level 5 in Necromancy
  1801 | D:2      | Gained mutation: You are partially covered in rugged brown scales (AC +1, +3% HP). [demonic ancestry]
  1801 | D:2      | Reached XP level 3. HP: 18/24 MP: 6/6
  1832 | D:2      | Noticed Terence
  1845 | D:2      | Killed Terence
  1910 | D:2      | Noticed Ijyb
  1929 | D:2      | Killed Ijyb
  1929 | D:2      | Gained mutation: You are significantly more attuned to the shadows. [demonic ancestry]
  1929 | D:2      | Reached XP level 4. HP: 27/30 MP: 1/8
  2014 | D:2      | Learned a level 3 spell: Vampiric Draining
  2019 | D:2      | Found an opulent altar of Gozag.
  2049 | D:2      | Found a glowing golden altar of the Shining One.
  2336 | D:2      | Learned a level 4 spell: Animate Dead
  2958 | D:3      | Noticed Trysia's ghost (amateur MiBe)
  3001 | D:3      | Slain by Trysia's ghost

Skill      XL: |  1  2  3 |
---------------+----------+-----
Necromancy     | 5 |  5.5
Stealth        | 2 |  2.2
Dodging        | 2 |  2.1
Spellcasting   | 3 |  3.2

Action                   |  1- 3 |  4- 6 || total
-------------------------+-------+-------++-------
Melee: Unarmed           |     3 |       ||     3
       Dagger            |    10 |       ||    10
       Mace              |    13 |     6 ||    19
       Falchion          |       |    31 ||    31
 Cast: Pain              |    56 |    26 ||    82
       Vampiric Draining |       |     2 ||     2
       Animate Dead      |       |     1 ||     1
  Use: Scroll            |     6 |     1 ||     7
       Potion            |     2 |     1 ||     3
 Stab: Sleeping          |     2 |     5 ||     7
  Eat: Chunk             |     4 |     2 ||     6
Armor: Robe              |     8 |    13 ||    21
Dodge: Dodged            |    29 |    30 ||    59
